 Dungeon Crawl Stone Soup version 0.28.0 (webtiles) character file.

Game seed: 2511145212078085670

66482 pkoi the Zephyrmancer (level 14, -3/110 HPs)
             Began as a Purple Draconian Air Elementalist on Feb 9, 2022.
             Was a Priest of Sif Muna.
             Slain by a merfolk (12 damage)
             ... on level 1 of the Shoals on Feb 10, 2022.
             The game lasted 01:00:13 (35822 turns).

pkoi the Zephyrmancer (DrAE)                       Turns: 35822, Time: 01:00:17

Health: -3/110     AC: 14    Str: 12    XL:     14   Next: 79%
Magic:  3/36       EV: 15    Int: 21    God:    Sif Muna [***...]
Gold:   1276       SH:  5    Dex: 14    Spells: 5/31 levels left

rFire   + + .      SeeInvis +   s - staff of cold
rCold   + . .      Faith    .   (no shield)
rNeg    . . .      Spirit   .   (armour unavailable)
rPois   +          Reflect  +   h - +1 hat "Tirarpha" {rPois rF+ Regen+ Dex+4}
rElec   .          Harm     .   b - +1 cloak
rCorr   +          Rampage  .   I - +1 pair of gloves of the Furrier {SInv}
Will    +++..                   H - +0 pair of boots
Stlth   ++........              v - amulet of reflection
HPRegen 1.08/turn               w - ring of Tuxiux {Wiz rPois Int+2 Dex-2}
MPRegen 0.25/turn               q - ring of the Philosopher {rF+ Will+ rCorr MP+9}

@: very slow
A: breathe power, AC +8, unfitting armour, cold-blooded
a: Breathe Dispelling Energy, Renounce Religion, Channel Magic, Forget Spell


You were on level 1 of the Shoals.
You worshipped Sif Muna.
Sif Muna was most pleased with you.
You visited 4 branches of the dungeon, and saw 22 of its levels.
You also visited: Sewer and Volcano.

You collected 1276 gold pieces.

Inventory:

Hand Weapons
 o - a +1 dagger of venom
Missiles
 j - 15 boomerangs
 y - 10 curare-tipped darts
 P - 3 throwing nets
Armour
 b - a +1 cloak (worn)
 h - the +1 hat "Tirarpha" (worn) {rPois rF+ Regen+ Dex+4}
   (You found it on level 2 of the Dungeon)

   Dex:       It affects your dexterity (+4).
   rF:        It protects you from fire.
   rPois:     It protects you from poison.
   Regen:     It increases your rate of health regeneration.
 C - an orb of energy
 H - a +0 pair of boots (worn)
 I - the +1 pair of gloves of the Furrier (worn) {SInv}
   (You found it on level 2 of the Lair of Beasts)

   SInv:      It lets you see invisible.
Magical Staves
 s - a staff of cold (weapon)
Jewellery
 g - a ring of resist corrosion
 p - the ring of Miusurgh {rPois rN+ Int+2}
   (You found it on level 5 of the Dungeon)

   [ring of positive energy]

   Int:       It affects your intelligence (+2).
   rPois:     It protects you from poison.
   rN:        It protects you from negative energy.
 q - the ring of the Philosopher (right hand) {rF+ Will+ rCorr MP+9}
   (You found it on level 5 of the Dungeon)

   [ring of protection from fire]

   rF:        It protects you from fire.
   MP:        It affects your magic capacity (+9).
   rCorr:     It protects you from acid and corrosion.
   Will:      It increases your willpower.
 v - an amulet of reflection (around neck)
 w - the ring of Tuxiux (left hand) {Wiz rPois Int+2 Dex-2}
   (You found it on level 7 of the Dungeon)

   [ring of wizardry]

   It improves your spell success rate.
   Int:       It affects your intelligence (+2).
   Dex:       It affects your dexterity (-2).
   rPois:     It protects you from poison.
 D - a ring of positive energy
 F - a ring of flight
Wands
 c - a wand of digging (11)
 e - a wand of paralysis (11)
 n - a wand of flame (30)
 r - a wand of iceblast (23)
 E - a wand of mindburst (22)
 J - a wand of charming (1)
 L - a wand of polymorph (7)
Scrolls
 d - 5 scrolls of fear
 f - 5 scrolls of identify
 l - a scroll of blinking
 u - 4 scrolls of amnesia
 x - 3 scrolls of silence
 z - 7 scrolls of fog
 A - 4 scrolls of teleportation
 G - 3 scrolls of holy word
 M - a scroll of enchant armour
Potions
 a - a potion of heal wounds
 i - 5 potions of berserk rage
 k - 3 potions of magic
 m - 6 potions of curing
 t - 2 potions of flight
 B - 6 potions of haste
 K - 3 potions of cancellation
 N - 2 potions of invisibility
 O - a potion of brilliance


   Skills:
 - Level 6.0 Fighting
 - Level 7.4 Dodging
 - Level 4.9 Stealth
 * Level 4.6 Unarmed Combat
 - Level 9.0 Spellcasting
 - Level 7.7 Conjurations
 - Level 6.0 Translocations
 + Level 7.0 Transmutations
 - Level 6.0 Fire Magic
 - Level 6.0 Ice Magic
 + Level 13.2 Air Magic
 - Level 3.0 Poison Magic
 - Level 9.0 Invocations
 - Level 8.8 Evocations


You had 5 spell levels left.
You knew the following spells:

 Your Spells              Type           Power      Damage    Failure   Level
a - Shock                 Conj/Air       100%       1d9       1%          1
b - Swiftness             Air            60%        N/A       1%          3
c - Airstrike             Air            30%        N/A       1%          4
d - Mephitic Cloud        Conj/Pois/Air  43%        N/A       1%          3
e - Ignite Poison         Fire/Tmut/Pois 31%        N/A       1%          3
f - Freezing Cloud        Conj/Ice/Air   31%        6-21      1%          5
g - Apportation           Tloc           68%        N/A       1%          1
h - Blink                 Tloc           68%        N/A       1%          2
i - Passage of Golubria   Tloc           34%        N/A       2%          4

Your spell library contained the following spells:

 Spells                   Type           Power      Damage    Failure   Level
 Beastly Appendage        Tmut           78%        N/A       1%          1
 Foxfire                  Conj/Fire      100%       2x1d9     1%          1
 Magic Dart               Conj           100%       1d8       1%          1
 Sting                    Tmut/Pois      100%       1d8       1%          1
 Ensorcelled Hibernation  Hex/Ice        66%        N/A       1%          2
 Poisonous Vapours        Pois/Air       86%        N/A       1%          2
 Searing Ray              Conj           84%        2d7       1%          2
 Static Discharge         Conj/Air       52%        N/A       1%          2
 Wereblood                Tmut           39%        N/A       1%          2
 Conjure Flame            Conj/Fire      38%        6-21      1%          3
 Lesser Beckoning         Tloc           34%        N/A       1%          3
 Spider Form              Tmut/Pois      30%        N/A       1%          3
 Stone Arrow              Conj/Erth      50%        3d10      1%          3
 Inner Flame              Hex/Fire       22%        N/A       2%          3
 Blade Hands              Tmut           19%        N/A       4%          5
 Silence                  Hex/Air        18%        N/A       5%          5
 Fulminant Prism          Conj/Hex       12%        3d9       6%          4
 Manifold Assault         Tloc           34%        N/A       7%          5
 Olgreb's Toxic Radiance  Pois           22%        N/A       9%          4
 Alistair's Intoxication  Tmut/Pois      20%        N/A       11%         5
 Anguish                  Hex/Necr       4%         N/A       26%         4
 Borgnjor's Vile Clutch   Necr/Erth      4%         N/A       58%         5
 Starburst                Conj/Fire      19%        6d7       26%         6
 Storm Form               Tmut/Air       25%        N/A       34%         7
 Eringya's Noxious Bog    Tmut/Pois      15%        N/A       45%         6
 Lehudib's Crystal Spear  Conj/Erth      12%        10d4      100%        8
 Necromutation            Tmut/Necr      12%        N/A       100%        8
 Animate Armour           Summ/Erth      Unusable   N/A       N/A         4

Dungeon Overview and Level Annotations

Branches:
Dungeon (14/15)            Temple (1/1) D:5            Lair (6/6) D:9
 Shoals (1/4) Lair:2        Snake (0/4) Lair:2        Slime (0/5) Lair:6
    Orc (0/2) D:9           Sewer (visited)         Volcano (visited)
 Vaults: D:13-14

Altars:
Ashenzari
Cheibriados
Dithmenos
Elyvilon
Fedhas
Gozag
Hepliaklqana
Kikubaaqudgha
Makhleb
Nemelex Xobeh
Okawaru
Qazlal
Ru
Sif Muna
Trog
Uskayaw
Vehumet
Wu Jian
Xom
Yredelemnul
Zin
The Shining One

Shops:
D:4 (   D:11 =

Annotations:
D:5 2 runed translucent doors
Lair:4 2 transporters, Xyudeake's ghost, journeyman DEFE


Innate Abilities, Weirdness & Mutations

You can breathe bolts of dispelling energy.
Your rich purple scales are hard. (AC +8)
You cannot fit into any form of body armour.
You are cold-blooded and may be slowed by cold attacks.


Message History

The plant is engulfed in freezing vapours.
A nearby plant withers and dies.
The harpy claws you.
* * * LOW HITPOINT WARNING * * *
The harpy claws you but does no damage.
The merfolk throws a throwing net.
The throwing net barely misses you.
You hear a splash.
A merfolk comes into view. It is wielding a +0 glaive.
Aiming: Airstrike (safe; 1% risk of failure)
Press: ? - help, Q - select action, (/) - cycle Dir - move target, f/p - harpy
Aim: a harpy (almost dead, empty space bonus: 7/8)
The air twists around and strikes the harpy!
You kill the harpy!
Sif Muna accepts your kill.
The merfolk shouts!
You hear a shout!
The merfolk completely misses you.
The merfolk hits you from afar with a +0 halberd!
* * * LOW HITPOINT WARNING * * *
Casting: Airstrike (safe; 1% risk of failure)
Confirm with . or Enter, or press ? or * to list all spells.
Aiming: Freezing Cloud (dangerous; 1% risk of failure)
Press: ? - help, Dir - move target, f - merfolk
Aim: a merfolk, wielding a +0 halberd (moderately wounded)
You feel a surge of power! That beam is likely to hit you.
Continue anyway?
You are engulfed in freezing vapours.
You resist.
* * * LOW HITPOINT WARNING * * *
The merfolk is engulfed in freezing vapours.
The merfolk hits you from afar with a +0 halberd!!
* * * LOW HITPOINT WARNING * * *
The merfolk is engulfed in freezing vapours. x2
You block the merfolk's attack.
Unknown command.
The merfolk is engulfed in freezing vapours. x3
You kill the merfolk!
Sif Muna accepts your kill.
You hear a splash. x2
The merfolk is engulfed in freezing vapours.
The merfolk hits you from afar with a +0 glaive!
You die...

#.≈#..≈##..##.≈≈≈..
#≈≈##..##≈.##...≈≈≈
#≈≈≈...≈≈≈.####.≈≈≈
#≈≈≈.≈≈≈≈..# ##.≈≈
#≈≈##≈≈##≈≈####..≈≈ ≈≈≈≈≈.
#≈≈##≈≈#≈≈.##.#..≈≈ ≈≈≈≈≈.
#.≈≈≈≈≈≈≈≈.##...≈≈≈ ≈≈≈≈..
#.≈≈≈≈≈≈≈≈.##÷.≈≈≈≈ .≈≈≈≈.#
#.@#≈≈≈##≈≈≈#.###.≈ .≈≈≈≈..
#.§##≈≈##≈≈##(##..≈ ≈≈≈≈≈≈.
#m§≈≈≈≈≈≈≈≈#≈....≈≈
≈≈≈≈≈≈≈##§§≈≈≈≈≈≈≈≈##≈≈.≈≈≈
≈PP≈≈≈≈≈§§§≈#≈≈#≈≈...≈≈≈.≈≈
≈≈≈≈≈≈†§§≈§##≈≈##≈...≈≈≈≈≈≈
≈P≈≈≈†§§#≈≈≈≈≈≈≈≈≈≈##≈≈≈≈≈≈
≈≈≈≈≈§§##≈≈≈≈≈≈≈≈≈.##≈≈≈≈≈≈
≈≈P≈§○§ #≈≈##≈≈##..##≈≈≈≈≈≈


You could see a merfolk.

Vanquished Creatures
  Azrael (D:12)
  A fire dragon (Volcano)
  A boulder beetle (Lair:3)
  9 hydras
  2 merfolk avatars
  Erolcha (D:13)
  A death knight (D:11)
  3 two-headed ogres
  A hell hog (Volcano)
  Sonja (Lair:3)
  7 skeletal warriors
  2 fire crabs (Lair:6)
  A sea snake (Lair:6)
  A wizard (D:14)
  Pikel (D:5)
  4 harpies (Shoals:1)
  A deep elf pyromancer (D:12)
  2 manticores
  An ugly thing (D:12)
  2 elephants (Lair:6)
  2 cyclopes
  A merfolk siren (Shoals:1)
  2 molten gargoyles (Volcano)
  2 black mambas
  16 cane toads
  2 gargoyles
  Psyche (D:8)
  3 kobold demonologists (D:9)
  4 rime drakes
  12 komodo dragons
  2 wind drakes (Lair:6)
  A merfolk (Shoals:1)
  2 trolls
  4 polar bears
  Grinder (D:3)
  A blink frog (shapeshifter) (D:11)
  30 blink frogs
  2 dream sheep (Shoals:1)
  2 snapping turtles (Shoals:1)
  4 slime creatures (D:14)
  2 spriggans (Lair:5)
  2 shadows
  2 wraiths (D:5)
  Eustachio (D:5)
  A wyvern (Lair:6)
  51 yaks
  Grum (Lair:1)
  2 fire elementals (D:12)
  8 fire bats (Volcano)
  11 vampire mosquitoes
  7 basilisks
  A steam dragon (Lair:6)
  Edmund (D:6)
  An acid dragon (D:11)
  6 hell hounds
  8 water moccasins
  Duvessa (D:6)
  2 sky beasts (D:8)
  3 black bears
  4 necrophages
  2 ogres (D:6)
  7 orc warriors
  14 wolves
  14 centaurs
  A lemure (D:5)
  A phantom (D:5)
  2 kobold brigands
  15 bullfrogs
  A water moccasin zombie (D:6)
  2 scorpions
  Dowan (D:6)
  A killer bee (D:5)
  5 wights (D:9)
  7 lava snakes (Volcano)
  6 centaur zombies
  4 hounds
  4 jellies
  A gnoll shaman (D:5)
  4 orc priests
  6 iguanas
  8 orc wizards
  2 hound zombies (D:5)
  2 hound skeletons
  2 howler monkey zombies
  14 gnolls
  11 adders
  2 white imps (D:7)
  An ufetubus (D:4)
  2 adder skeletons (D:4)
  3 worms
  4 dart slugs
  27 orcs
  15 ball pythons
  2 bats
  13 endoplasms
  10 giant cockroaches
  38 goblins
  33 hobgoblins
  2 jackals (D:5)
  7 quokkas
  11 frilled lizards
  21 kobolds
  3 rats
583 creatures vanquished.

Vanquished Creatures (others)
  2 blink frogs (Lair:6)
  36 fungi
  82 plants
120 creatures vanquished.

Grand Total: 703 creatures vanquished

Notes
Turn   | Place    | Note
-------+----------+-------------------------------------------
     0 | D:1      | pkoi the Draconian Air Elementalist began the quest for the
                  | Orb.
     0 | D:1      | Reached XP level 1. HP: 14/14 MP: 3/3
   509 | D:1      | Reached XP level 2. HP: 19/20 MP: 5/5
  1093 | D:1      | Reached skill level 4 in Air Magic
  1341 | D:2      | Reached XP level 3. HP: 26/26 MP: 2/6
  1343 | D:2      | Identified the +1 hat "Tirarpha" {rPois rF+ Regen+ Dex+4}
  1429 | D:2      | Found a faded altar of an unknown god.
  1430 | D:2      | Noticed a floating eye
  1458 | D:2      | Noticed a golden eye
  2204 | D:2      | Noticed a great orb of eyes
  2210 | D:2      | Noticed a great orb of eyes
  2879 | D:3      | Reached skill level 5 in Air Magic
  2879 | D:3      | Reached XP level 4. HP: 33/33 MP: 3/7
  2934 | D:3      | Noticed Grinder
  2958 | D:3      | Paralysed by Grinder for 3 turns
  2975 | D:3      | Killed Grinder
  2976 | D:3      | Reached skill level 6 in Air Magic
  2976 | D:3      | Reached XP level 5. HP: 20/38 MP: 1/8
  2976 | D:3      | Reached XP level 6. HP: 24/45 MP: 1/9
  3052 | D:3      | Learned a level 3 spell: Swiftness
  3057 | D:3      | Learned a level 4 spell: Airstrike
  3286 | D:3      | Found a sparkling altar of Nemelex Xobeh.
  3286 | D:3      | Found a shimmering altar of Xom.
  3287 | D:3      | Found a shimmering blue altar of Sif Muna.
  3381 | D:3      | Became a worshipper of Sif Muna the Loreminder
  4248 | D:4      | Found Cesauseg's Antique Weapon Boutique.
  4304 | D:4      | Reached skill level 7 in Air Magic
  4423 | D:4      | Found a glowing drain.
  4441 | Sewer    | Entered a sewer
  4652 | Sewer    | Reached * piety under Sif Muna
  4989 | Sewer    | Your scales start taking on a rich purple colour.
  4989 | Sewer    | Reached XP level 7. HP: 32/50 MP: 4/12
  5174 | Sewer    | Learned a level 3 spell: Mephitic Cloud
  5928 | D:4      | Reached ** piety under Sif Muna
  6724 | D:4      | Reached *** piety under Sif Muna
  7375 | D:5      | Entered Level 5 of the Dungeon
  7596 | D:5      | Found a large runed translucent door.
  7596 | D:5      | Found a large runed translucent door.
  7935 | D:5      | Noticed Pikel
  7942 | D:5      | Killed Pikel
  7943 | D:5      | Reached skill level 5 in Spellcasting
  7943 | D:5      | Reached skill level 8 in Air Magic
  7943 | D:5      | Reached XP level 8. HP: 55/57 MP: 0/16
  8301 | D:5      | Noticed Eustachio
  8305 | D:5      | Killed Eustachio
  8413 | D:5      | Learned a level 3 spell: Ignite Poison
  8770 | D:5      | Found a staircase to the Ecumenical Temple.
  9025 | D:5      | Reached skill level 5 in Conjurations
  9025 | D:5      | Reached skill level 1 in Invocations
  9314 | D:5      | Found a radiant altar of Vehumet.
  9425 | D:5      | Noticed a two-headed ogre
  9431 | D:5      | Found a large runed translucent door.
  9431 | D:5      | Found a large runed translucent door.
  9494 | D:5      | Reached XP level 9. HP: 51/62 MP: 0/18
  9709 | D:5      | Learned a level 5 spell: Freezing Cloud
  9863 | D:5      | Reached skill level 1 in Ice Magic
  9872 | D:5      | Reached skill level 1 in Fire Magic
 10037 | D:5      | Identified the ring of the Philosopher {rF+ Will+ rCorr
                  | MP+9}
 10066 | D:6      | Reached skill level 1 in Transmutations
 10097 | D:6      | Reached **** piety under Sif Muna
 10443 | D:6      | Noticed Dowan
 10445 | D:6      | Noticed Duvessa
 10449 | D:6      | Killed Duvessa
 10468 | D:6      | Killed Dowan
 10469 | D:6      | Reached skill level 9 in Air Magic
 10698 | D:6      | Noticed Edmund
 10702 | D:6      | Killed Edmund
 11913 | Temple   | Entered the Ecumenical Temple
 12218 | D:7      | Found a blossoming altar of Fedhas.
 12583 | D:7      | Identified the ring of Tuxiux {Wiz rPois Int+2 Dex-2}
 13766 | D:8      | Reached XP level 10. HP: 69/69 MP: 20/20
 13865 | D:8      | Noticed Psyche
 13868 | D:8      | Killed Psyche
 15125 | D:9      | Reached skill level 1 in Fighting
 15125 | D:9      | Reached skill level 5 in Invocations
 16093 | D:9      | Found a staircase to the Lair.
 16254 | D:9      | Found a staircase to the Orcish Mines.
 16284 | D:9      | Found a white marble altar of Elyvilon.
 16334 | D:10     | Entered Level 10 of the Dungeon
 16931 | D:10     | Reached skill level 10 in Air Magic
 16931 | D:10     | Reached skill level 1 in Evocations
 17253 | D:10     | Noticed a gargoyle
 17619 | D:10     | Reached XP level 11. HP: 82/82 MP: 20/21
 17829 | Lair:1   | Entered Level 1 of the Lair of Beasts
 17855 | Lair:1   | Reached skill level 5 in Fire Magic
 18130 | Lair:1   | Reached skill level 5 in Transmutations
 18263 | Lair:1   | Noticed a seven-headed hydra
 18268 | Lair:1   | Killed a seven-headed hydra
 18565 | Lair:1   | Noticed Grum
 18593 | Lair:1   | Killed Grum
 19746 | Lair:2   | Identified the +1 pair of gloves of the Furrier {SInv}
 19838 | Lair:2   | Found a staircase to the Shoals.
 20021 | Lair:2   | Reached skill level 5 in Dodging
 20023 | Lair:2   | Reached skill level 11 in Air Magic
 20025 | Lair:2   | Reached skill level 5 in Evocations
 20026 | Lair:2   | Reached ***** piety under Sif Muna
 20253 | Lair:2   | Found a staircase to the Snake Pit.
 20949 | Lair:3   | Reached XP level 12. HP: 89/89 MP: 4/22
 20959 | Lair:3   | Reached skill level 5 in Ice Magic
 21455 | Lair:3   | Received a gift from Sif Muna
 21456 | Lair:3   | Got Sif Muna's Incunabulum of Enthralling Displacement {god
                  | gift}
 21459 | Lair:3   | Learned a level 1 spell: Apportation
 21510 | Lair:3   | Noticed a four-headed hydra
 21515 | Lair:3   | Killed a four-headed hydra
 21916 | Lair:3   | Reached skill level 1 in Translocations
 22284 | Lair:3   | Noticed Sonja
 22288 | Lair:3   | Killed Sonja
 22397 | Lair:3   | Noticed a seven-headed hydra
 22475 | Lair:3   | Killed a seven-headed hydra
 22815 | Lair:3   | Noticed a boulder beetle
 22824 | Lair:3   | Killed a boulder beetle
 23361 | Lair:4   | Found a dark tunnel.
 23384 | Volcano  | Entered a volcano
 23976 | Volcano  | Found a radiant altar of Vehumet.
 23976 | Volcano  | Noticed a hell hog
 23979 | Volcano  | Reached skill level 12 in Air Magic
 23989 | Volcano  | Killed a hell hog
 24088 | Volcano  | Noticed a fire dragon
 24095 | Volcano  | Killed a fire dragon
 24622 | Lair:4   | Reached XP level 13. HP: 94/94 MP: 17/23
 24625 | Lair:4   | Learned a level 2 spell: Blink
 24713 | Lair:4   | You fall into a shaft and drop 1 floor!
 25336 | Lair:4   | Noticed Xyudeake's ghost (journeyman DEFE)
 25479 | Lair:4   | Found a transporter.
 25526 | Lair:4   | Found a transporter.
 27127 | Lair:5   | Received a gift from Sif Muna
 27951 | Lair:6   | Entered Level 6 of the Lair of Beasts
 29274 | Lair:6   | Reached skill level 5 in Fighting
 29698 | Lair:6   | Found a staircase to the Slime Pits.
 29774 | Lair:6   | Reached skill level 5 in Translocations
 29774 | Lair:6   | Reached XP level 14. HP: 37/107 MP: 19/26
 30584 | D:11     | You fall into a shaft and drop 3 floors!
 30947 | D:13     | Noticed Erolcha
 31394 | D:13     | Killed Erolcha
 31543 | D:12     | Noticed Azrael
 31546 | D:12     | Killed Azrael
 31916 | D:12     | Learned a level 4 spell: Passage of Golubria
 32161 | D:12     | Received a gift from Sif Muna
 32166 | D:12     | Got Sif Muna's Incunabulum of Blistering Transmutation {god
                  | gift}
 33160 | D:11     | Reached skill level 1 in Unarmed Combat
 33935 | D:11     | Found Fima's Jewellery Shop.
 33945 | D:11     | Identified the +0 plate armour "Isivimit" {rC+ Int+4}
 33977 | D:11     | Reached skill level 13 in Air Magic
 35243 | D:5      | Identified the ring of Miusurgh {rPois rN+ Int+2}
 35251 | D:5      | Identified the +1 kite shield "Coremaow" {-Cast Str+2
                  | Stlth+}
 35410 | Shoals:1 | Entered Level 1 of the Shoals
 35822 | Shoals:1 | Slain by a merfolk

Illustrated notes

Levels and vault maps discovered:
D:1:      amcnicky_arrival_feature_with_door, layout_rooms
D:2:      layout_basic, hellmonk_ecumenical_altar_watching_god
D:3:      minmay_chambers_of_twos, layout_rooms,
          chequers_temple_overflow_statue_of_worship, serial_aquarium,
          aquarium_bridge_long_separate [aquarium_subvault_bridge,
          aquarium_subvault_bridge, aquarium_subvault_balcony,
          aquarium_subvault_bridge, aquarium_subvault_window,
          aquarium_subvault_wall], aquarium_bridge_square
          [aquarium_subvault_bridge, aquarium_subvault_window,
          aquarium_subvault_bridge, aquarium_subvault_bridge],
          aquarium_window_1, aquarium_window_3, aquarium_view_2d,
          aquarium_view_2c, aquarium_pool_2, uniq_grinder
D:4:      minmay_goblin_kobold_castle, layout_loops_ring, portal_sewer_entry_d,
          nicolae_inconvenience_store
D:5:      nicolae_cairo_tiling_large_dashed, layout_basic,
          mainiacjoe_overflow_paths, minmay_hollow_rounded_squares,
          uniq_eustachio, uniq_pikel
D:6:      corexii_shack_village, layout_cave_pools, uniq_edmund, uniq_duvessa
D:7:      layout_basic, fedhas_altar_1, serial_aquarium,
          aquarium_bridge_long_joined [aquarium_subvault_window,
          aquarium_subvault_wall, aquarium_subvault_wall,
          aquarium_subvault_bridge, aquarium_subvault_bridge,
          aquarium_subvault_wall], aquarium_window_fake, aquarium_window_double,
          aquarium_window_corridor_1, aquarium_view_2c
D:8:      layout_basic, palyth_stone_intersect, kennysheep_windowed_goal,
          uniq_psyche
D:9:      layout_gridville, nicolae_elyvilon_peaceful_grove,
          grunt_lair_entry_orc_guard_hut
D:10:     layout_roguey, minivault_23
D:11:     layout_big_octagon, serial_shops, shop
D:12:     layout_loops_corners, uniq_azrael
D:13:     layout_roguey, hangedman_vaults_entry_quadrant_bands, serial_bayou,
          serial_bayou_pond_e, serial_bayou_pond_e, serial_bayou_lake_a,
          serial_bayou_pond_a, nicolae_trove_entry_diagonal, uniq_erolcha
D:14:     layout_irregular_city, nicolae_elevator_lobby_plus
Temple:   nicolae_temple_elliptical
Lair:1:   layout_long_grid, uniq_grum
Lair:2:   layout_chaotic_city, minmay_shoals_entry_centaurs, dummy_snake_entry
Lair:3:   layout_gridlike, nzn_sisyphean_effort, serial_bayou_shore_b,
          lemuel_fruit_tree, grunt_megastairs_1, uniq_sonja
Lair:4:   layout_small_grid, gammafunk_ghost_hive, enter_volcano_2
Lair:5:   layout_cave_pods, minmay_stone_trees_small, forest_entry_grove
Lair:6:   gammafunk_lair_ancient_temple, layout_long_grid,
          nicolae_slime_entry_slimehenge, grunt_forest_stairs_basic
Shoals:1: layout_shoals, nicolae_shoals_lost_giant_pillars,
          nicolae_shoals_undead_eyrie, uniq_nikola, uniq_mlioglotl

Skill      XL: |  1  2  3  4  5  6  7  8  9 10 11 12 13 14 |
---------------+-------------------------------------------+-----
Air Magic      | 4 5 6 7 8 9 10 11 12 13 | 13.2
Conjurations   | 2 4 5 6 7 |  7.7
Spellcasting   | 3 5 6 7 8 9 |  9.0
Poison Magic   | 2 3 |  3.0
Invocations    | 1 4 5 6 9 |  9.0
Ice Magic      | 2 3 4 6 |  6.0
Fire Magic     | 3 4 6 |  6.0
Transmutations | 2 4 6 7 |  7.0
Dodging        | 3 5 6 7 |  7.4
Fighting       | 3 5 6 |  6.0
Evocations     | 2 5 7 8 |  8.8
Translocations | 3 5 6 |  6.0
Stealth        | 4 |  4.9
Unarmed Combat | 4 |  4.6

Action                   |  1- 3 |  4- 6 |  7- 9 | 10-12 | 13-15 || total
-------------------------+-------+-------+-------+-------+-------++-------
Melee: Unarmed           |    22 |       |       |       |       ||    22
       Tailslap          |     7 |     9 |    43 |    22 |    15 ||    96
       Short sword       |     6 |       |    27 |       |       ||    33
       Punch             |     3 |     2 |     7 |     5 |     1 ||    18
       Whip              |    45 |    33 |       |       |       ||    78
       Dagger            |       |    57 |   176 |   125 |    27 ||   385
       Staff             |       |       |    13 |       |    47 ||    60
 Cast: Shock             |    71 |   108 |   140 |       |       ||   319
       Airstrike         |       |       |   121 |   209 |   220 ||   550
       Mephitic Cloud    |       |       |       |     5 |     2 ||     7
       Ignite Poison     |       |       |       |     4 |     1 ||     5
       Freezing Cloud    |       |       |       |    54 |   125 ||   179
       Swiftness         |       |       |       |     1 |       ||     1
       Apportation       |       |       |       |       |     2 ||     2
       Blink             |       |       |       |       |     1 ||     1
Invok: Channel Magic     |       |       |       |       |     5 ||     5
 Abil: Breathe Dispellin |       |       |     3 |       |     1 ||     4
  Use: Scroll            |       |     6 |     9 |     4 |     4 ||    23
       Potion            |       |     3 |     1 |       |       ||     4
 Stab: Sleeping          |       |     1 |     1 |       |       ||     2
Armor: Skin              |    23 |    30 |   109 |    47 |    93 ||   302
Dodge: Dodged            |    51 |    59 |   199 |    89 |   131 ||   529
Block: Other             |       |       |     2 |    28 |    32 ||    62
       Reflection        |       |       |     1 |       |     1 ||     2
       Orb               |       |       |       |     2 |     5 ||     7
